 Dungeon Crawl Stone Soup version 0.30.0-29-ga12c61a403 (webtiles) character file.

Game seed: 6897951402900343225

251 Senryu the Chopper (level 5, 0/61 HPs)
             Began as a Draconian Fighter on June 15, 2023.
             Slain by a kobold brigand
             ... wielding a +0 short sword
              (4 damage)
             ... in a sewer.
             The game lasted 00:04:05 (1167 turns).

Senryu the Chopper (Draconian Fighter)              Turns: 1167, Time: 00:04:05

Health: 0/61       AC: 22    Str: 18    XL:     5   Next: 88%
Magic:  5/5        EV:  2    Int: 11    God:
Gold:   41         SH:  4    Dex: 10    Spells: 4/4 levels left

rFire   . . .        h - +0 broad axe
rCold   . . .        b - +0 buckler
rNeg    . . .        (body armour unavailable)
rPois   +            (helmet currently unavailable)
rElec   .            (cloak currently unavailable)
rCorr   .            (gloves currently unavailable)
SInv    .            (boots currently unavailable)
Will    .....        (no amulet)
Stlth   ++           (no ring)
HPRegen 0.30/turn    (no ring)
MPRegen 0.09/turn

%: no passive effects
@: tree-form
A: stationary, stasis, torment immunity, boosted hp, AC +5, unfitting armour,
(cold-blooded), (fire resistance 1), frail 1
a: no special abilities


You were in a sewer.
You were a tree.
You visited 1 branch of the dungeon, and saw 3 of its levels.
You also visited: Sewer.

You collected 41 gold pieces.

Inventory:

Hand Weapons
 a - a +0 war axe
 e - a +2 battleaxe of electrocution
 h - a +0 broad axe (weapon)
Missiles
 f - a curare-tipped dart (quivered)
Armour
 b - a +0 buckler (worn)
Scrolls
 d - a scroll of teleportation {unknown}
 k - a scroll of brand weapon {unknown}
Potions
 c - a potion of might


   Skills:
 * Level 4.1 Fighting
 * Level 4.1 Axes
 * Level 0.5 Throwing
 * Level 3.7 Dodging
 * Level 1.4 Stealth
 * Level 3.5 Shields


You had 4 spell levels left.
You didn't know any spells.
Your spell library was empty.

Dungeon Overview and Level Annotations

Branches:
Dungeon (3/15)              Sewer (1/1)

Altars:


Innate Abilities, Weirdness & Mutations

You are a tree.
Your roots penetrate the ground, keeping you stationary.
You cannot be teleported.
You are immune to unholy pain and torment.
Your maximum health is greatly increased.
Your equipment is partially melded.
((Your plain brown scales are hard. (AC +5)))
You cannot fit into any form of body armour.
((You are cold-blooded and may be slowed by cold attacks.))
((Your flesh is heat resistant. (rF+)))
You are frail. (-10% HP)


Message History

You barely miss the kobold brigand. You block the kobold brigand's attack.
The kobold brigand hits you with a +0 short sword.
You hit the kobold brigand but do no damage.
The kobold brigand splashes around in the water.
The kobold brigand hits you with a +0 short sword.
You hit the kobold brigand.
The kobold brigand is lightly wounded.
The kobold brigand hits you with a +0 short sword.
The kobold brigand hits you but does no damage.
The kobold brigand hits you with a +0 short sword.
* * * LOW HITPOINT WARNING * * *
You slash the kobold brigand!
The kobold brigand is heavily wounded.
The kobold brigand hits you with a +0 short sword.
* * * LOW HITPOINT WARNING * * *
You block the kobold brigand's attack.
You closely miss the kobold brigand.
The kobold brigand is heavily wounded.
The kobold brigand splashes around in the water.
The kobold brigand hits you with a +0 short sword.
* * * LOW HITPOINT WARNING * * *
Really quaff the potion of lignification?
You turn into a tree.
Your roots penetrate the ground.
The kobold brigand splashes around in the water.
You miss the kobold brigand.
The kobold brigand is heavily wounded.
You feel yourself speed up.
The kobold brigand hits you but does no damage. x2
The kobold brigand splashes around in the water.
You barely miss the kobold brigand.
The kobold brigand is heavily wounded.
The kobold brigand splashes around in the water.
You slash the kobold brigand!
The kobold brigand is severely wounded.
The kobold brigand hits you with a +0 short sword.
* * * LOW HITPOINT WARNING * * *
You hit the kobold brigand.
The kobold brigand is almost dead.
The kobold brigand hits you with a +0 short sword.
You die...

## ## ##
### ## #.
.# #. .#.
.# #~ ~#
#~ ~#~ ~#
#~ ~# #~
~#~ ~#
#~#~#
#~#~#~#~#
#~K~#
#.~~#~†.#
#~ #♣#
##†###.##
#~ #.#
#~# #~#
#~###~#
#.###~#
#.~~~.#
#~~~~.#
##~~~##
##.~~##
#~~.#
#.~~#
#~~~#
#~~~#
#.~.##
##.~~#
#~~.~##
##~~..#


You could see a kobold brigand.

Vanquished Creatures
  2 kobold brigands (Sewer)
  4 adders
  3 river rats
  2 worms
  2 dart slugs
  4 ball pythons
  4 bats
  An endoplasm (D:1)
  A giant cockroach (D:1)
  5 goblins
  3 hobgoblins
  4 quokkas
  A frilled lizard (D:2)
  4 kobolds
  3 rats
43 creatures vanquished.

Notes
Turn   | Place    | Note
-------+----------+-------------------------------------------
     0 | D:1      | Senryu the Draconian Fighter began the quest for the Orb.
     0 | D:1      | Reached XP level 1. HP: 19/19 MP: 1/1
    91 | D:1      | Reached XP level 2. HP: 26/26 MP: 2/2
   424 | D:2      | Reached XP level 3. HP: 31/31 MP: 3/3
   509 | D:3      | Identified a scroll of acquirement
   509 | D:3      | Acquired a +2 battleaxe of electrocution
   660 | D:3      | Found a glowing drain.
   664 | Sewer    | Entered a sewer
   716 | Sewer    | Noticed a kobold brigand
   738 | Sewer    | Gained mutation: You are frail. (-10% HP) [potion of
                  | mutation]
   738 | Sewer    | Gained mutation: Your flesh is heat resistant. (rF+)
                  | [potion of mutation]
   741 | Sewer    | Killed a kobold brigand
   742 | Sewer    | Reached skill level 1 in Stealth
   742 | Sewer    | Reached XP level 4. HP: 13/36 MP: 4/4
   866 | Sewer    | Noticed a kobold brigand
   882 | Sewer    | Reached XP level 5. HP: 37/41 MP: 5/5
  1162 | Sewer    | HP: 2/41 [kobold brigand/+0 short sword (4)]
  1167 | Sewer    | Slain by a kobold brigand

Illustrated notes

Levels and vault maps discovered:
D:1:      ebering_trefoil_twist, layout_rooms
D:2:      layout_loops_cross
D:3:      minmay_diamond_boxcup, layout_loops_ring, gup_sewer_entry_bowl,
          minmay_misc_feat_four_crosses
Sewer:    sewer_co_tree

Skill      XL: |  1  2  3  4  5 |
---------------+----------------+-----
Dodging        | 3 |  3.7
Axes           | 3 4 |  4.1
Stealth        | 1 |  1.4
Fighting       | 4 |  4.1
Throwing       | |  0.5
Shields        | |  3.5

Action                     |  1- 3 |  4- 6 || total
---------------------------+-------+-------++-------
  Melee: War axe           |    36 |       ||    36
         Tailslap          |    14 |       ||    14
         Broad axe         |    74 |    67 ||   141
  Throw: Dart              |       |     1 ||     1
    Use: Potion            |     4 |     1 ||     5
         Scroll            |     3 |       ||     3
   Stab: Distracted        |     1 |       ||     1
 Armour: Skin              |    55 |    21 ||    76
  Dodge: Dodged            |    89 |    46 ||   135
  Block: Buckler           |    31 |    13 ||    44
